 Dungeon Crawl Stone Soup version 0.21-a0-404-g291f19a (webtiles) character file.

218 Ijustatesigmund the Chopper (level 5, 0/47 HPs)
             Began as a Hill Orc Fighter on Oct 26, 2017.
             Killed from afar by an orc wizard (9 damage)
             ... with a magic dart
             ... on level 4 of the Dungeon.
             The game lasted 00:05:34 (2979 turns).

Ijustatesigmund the Chopper (Hill Orc Fighter)      Turns: 2979, Time: 00:05:35

Health: 0/47       AC:  9    Str: 19    XL:     5   Next: 95%
Magic:  5/5        EV:  7    Int:  8    God:
Gold:   87         SH:  9    Dex: 11    Spells: 4/4 levels left

rFire    . . .     SeeInvis .   a - +1 war axe
rCold    . . .     Gourm    .   c - +0 shield
rNeg     + . .     Faith    .   b - +1 scale mail {rPois}
rPois    +         Spirit   .   g - +0 helmet
rElec    .         Reflect  .   (no cloak)
rCorr    .         Harm     .   (no gloves)
MR       .....                  (no boots)
Stlth    ..........             (no amulet)
HPRegen  0.15/turn              j - ring of positive energy
MPRegen  0.09/turn              k - +3 ring of slaying

@: no status effects
A: no striking features
a: no special abilities


You were on level 4 of the Dungeon.
You were hungry.

You visited 1 branch of the dungeon, and saw 4 of its levels.

You collected 87 gold pieces.

Inventory:

Hand Weapons
 a - a +1 war axe (weapon)
Armour
 b - a +1 scale mail of poison resistance (worn)
 c - a +0 shield (worn)
 g - a +0 helmet (worn)
Jewellery
 j - a ring of positive energy (left hand)
 k - a +3 ring of slaying (right hand)
Scrolls
 e - a scroll of identify
 i - 3 scrolls of immolation
 m - a scroll of fear
Potions
 h - 2 potions of brilliance
 l - 2 potions of flight
 o - a potion of heal wounds
 p - a potion of berserk rage
Comestibles
 d - 2 meat rations
 f - 3 bread rations
 n - 2 royal jellies


   Skills:
 - Level 4.7 Fighting
 + Level 6.0 Axes
 + Level 3.9 Armour
 + Level 3.9 Shields


You had 4 spell levels left.
You didn't know any spells.

Dungeon Overview and Level Annotations

Branches:
Dungeon (4/15)
 Temple: D:4-7

Altars:

Annotations:
D:4 Ijyb, Sigmund


Message History

It is a wand of paralysis (?/24).
The orc wizard mumbles some strange words.
The orc wizard seems to speed up.
Ijyb screams, "Me stronger than you!" Ijyb hits you but does no damage.
The orc priest invokes the aid of Beogh against you.
Beogh smites you!
The orc wizard mumbles some strange words.
The orc wizard blinks!
The orc wizard hits you but does no damage.
Ijyb zaps a wand.
You resist with some effort.
Sigmund casts a spell.
Sigmund flickers and vanishes!
The orc priest invokes the aid of Beogh against you.
Beogh smites you!
* * * LOW HITPOINT WARNING * * *
Ijyb zaps a wand.
Nothing appears to happen.
You block the orc wizard's attack. The orc wizard casts a spell at you.
The magic dart hits you!
You die...

###.#....#...
#........#.#
#.#.#......# #
#.#..o..##
....#........#
<............## #####
.........#o...##.....
(........##g.a...#
....o..o.....o.@##
....o..o..##......#
..............##...#
.#............. ......
...#.....###...##.#..#
...## #.#.. .# .# .
#.#.. . # #.... ..


You could see Ijyb, a worker ant, 2 orc wizards and an orc.

Vanquished Creatures
  An orc priest (D:3)
  An orc wizard (D:3)
  Terence (D:3)
  5 adders
  3 worms
  4 dart slugs
  4 leopard geckos
  8 orcs
  7 giant cockroaches
  6 hobgoblins
  5 kobolds
  A quokka (D:3)
  A ball python (D:1)
  5 bats
  3 frilled lizards
  5 goblins
  A quokka skeleton (D:4)
  5 rats
66 creatures vanquished.

Notes
Turn   | Place    | Note
-------+----------+-------------------------------------------
     0 | D:1      | Ijustatesigmund the Hill Orc Fighter began the quest for the Orb.
     0 | D:1      | Reached XP level 1. HP: 19/19 MP: 1/1
   110 | D:1      | Reached skill level 3 in Axes
   127 | D:1      | Reached XP level 2. HP: 27/27 MP: 2/2
   668 | D:3      | Reached skill level 4 in Axes
   668 | D:3      | Reached XP level 3. HP: 3/34 MP: 3/3
  1115 | D:2      | Reached XP level 4. HP: 41/41 MP: 4/4
  1216 | D:2      | Reached skill level 5 in Axes
  2258 | D:3      | Reached XP level 5. HP: 47/47 MP: 5/5
  2525 | D:3      | Noticed Terence
  2533 | D:3      | Killed Terence
  2533 | D:3      | Reached skill level 6 in Axes
  2965 | D:4      | Noticed Ijyb
  2966 | D:4      | Noticed Sigmund
  2979 | D:4      | Killed from afar by an orc wizard

Vault maps used:
D:1:      lemuel_arrival_funnel, minmay_strange_pillars
D:2:      wad_woods_pond, serial_co_window_serial, co_window_corner_a,
          co_window_of_opportunity_a, co_window_paths_a, co_window_corner_a,
          co_window_corner_a, co_window_corner_cb, co_window_corner_cb,
          co_window_broadway_b, glass_columns_a, glass_columns_c
D:3:      uniq_terence
D:4:      uniq_ijyb, uniq_sigmund

Skill      XL: |  1  2  3  4  5 |
---------------+----------------+-----
Axes           | 3 4 5 6 |  6.0
Fighting       | 4 |  4.7
Armour         | |  3.9
Shields        | |  3.9

Action                   |  1- 3 |  4- 6 || total
-------------------------+-------+-------++-------
Melee: War axe           |    76 |   134 ||   210
  Use: Potion            |     6 |       ||     6
       Scroll            |       |    10 ||    10
  Eat: Chunk             |     1 |     5 ||     6
Armor: Scale mail        |    29 |    53 ||    82
Dodge: Dodged            |    23 |    31 ||    54
Block: Shield            |    50 |    64 ||   114

Table legend:
 A = Spawn XP
 B = Non-spawn XP
 C = Spawn XP percentage of total XP
 D = Spawn monster count
 E = Non-spawn monster count
 F = Spawn count percentage of total count
 G = Total turns spent on level
                    A         B        C        D         E        F      G
               +---------+---------+-------+---------+---------+-------+---------
         Total |       0 |     312 |   0.0 |       0 |      66 |   0.0 |  2979
               +---------+---------+-------+---------+---------+-------+---------
           D:1 |       0 |      21 |   0.0 |       0 |      14 |   0.0 |   632
           D:2 |       0 |      78 |   0.0 |       0 |      24 |   0.0 |  1128
           D:3 |       0 |     207 |   0.0 |       0 |      26 |   0.0 |  1196
           D:4 |       0 |       6 |   0.0 |       0 |       2 |   0.0 |    23
               +---------+---------+-------+---------+---------+-------+---------
